 Dungeon Crawl Stone Soup version 0.31.0-32-g396128a36d (webtiles) character file.

Game seed: 17090263372837928391

6465 firemarshallily the Geomancer (level 11, 0/83 HPs)
             Began as a Formicid Earth Elementalist on Apr 12, 2024.
             Slain by a centaur warrior (6 damage)
             ... on level 9 of the Dungeon.
             The game lasted 00:31:03 (11254 turns).

firemarshallily the Geomancer (FoEE)               Turns: 11254, Time: 00:31:04

Health: 0/83       AC:  5    Str: 16 (19) XL:     11   Next: 19%
Magic:  9/24       EV: 11    Int: 16 (19) God:
Gold:   575        SH:  7    Dex: 13 (14) Spells: 16/28 levels left

rFire   . . .        x - +2 short sword (drain)
rCold   . . .        H - +2 buckler
rNeg    . . .        a - +0 robe
rPois   .            (helmet unavailable)
rElec   .            (no cloak)
rCorr   .            (no gloves)
SInv    +            C - +2 pair of boots
Will    ++...        n - amulet of regeneration
Stlth   ++           c - +6 ring of strength
HPRegen 1.13/turn    (no ring)
MPRegen 0.19/turn

%: no passive effects
@: attractive, enlightened, flying
A: permanent stasis, dig shafts and tunnels, antennae 3, four strong arms
a: Dig, Shaft Self


You were on level 9 of the Dungeon.
You visited 2 branches of the dungeon, and saw 10 of its levels.

You collected 575 gold pieces.

Inventory:

Hand Weapons
 x - a +2 short sword of draining (weapon)
Missiles
 i - a curare-tipped dart
 o - 20 poisoned darts
 p - 3 silver javelins
 r - 2 boomerangs
 G - 2 throwing nets
Armour
 a - a +0 robe (worn)
 l - a +4 scale mail
 C - a +2 pair of boots (worn)
 H - a +2 buckler (worn)
Jewellery
 c - a +6 ring of strength (left hand)
 n - an amulet of regeneration (around neck)
Wands
 j - a wand of charming (4)
 m - a wand of light (5)
 s - a wand of polymorph (12)
 y - a wand of flame (26)
 F - a wand of mindburst (13)
Scrolls
 d - 2 scrolls of fear
 e - a scroll of noise
 f - 2 scrolls of fog
 k - a scroll of brand weapon {unknown}
 q - a scroll of vulnerability
 u - a scroll of amnesia {unknown}
 v - a scroll of revelation {unknown}
 w - 2 scrolls of enchant armour
 E - a scroll of silence {unknown}
Potions
 b - a potion of magic
 t - a potion of enlightenment
 B - 2 potions of berserk rage {unknown}


   Skills:
 + Level 6.6 Fighting
 + Level 4.6 Armour
 - Level 1.7 Dodging
 - Level 2.4 Stealth
 - Level 6.0 Shields
 * Level 9.0 Spellcasting
 + Level 5.5 Conjurations
 * Level 10.9 Earth Magic


You had 16 spell levels left.
You knew the following spells:

 Your Spells              Type           Power      Damage    Failure   Level
a - Sandblast             Erth           84%        2d18      1%          1
b - Stone Arrow           Conj/Erth      66%        3d11      1%          3
c - Passwall              Erth           42%        N/A       1%          3
d - Brom's Barrelling Bo  Conj/Erth      33%        2d5       4%          4
e - Magic Dart            Conj           96%        1d7       1%          1

Your spell library contained the following spells:

 Spells                   Type           Power      Damage    Failure   Level
 Momentum Strike          Conj/Tloc      32%        3d8       6%          2
 Petrify                  Alch/Erth      24%        N/A       13%         4
 Call Imp                 Summ           14%        N/A       19%         2
 Ensorcelled Hibernation  Hex/Ice        14%        N/A       19%         2
 Lesser Beckoning         Tloc           14%        N/A       19%         2
 Gell's Gravitas          Tloc           7%         N/A       36%         3
 Teleport Other           Tloc           7%         N/A       36%         3
 Dispersal                Tloc           3%         N/A       100%        6
 Blink                    Tloc           Unusable   N/A       N/A         2
 Swiftness                Air            Unusable   N/A       N/A         3

Dungeon Overview and Level Annotations

Branches:
Dungeon (9/15)             Temple (1/1) D:4             Orc (0/2) D:9
   Lair: D:8-11

Altars:
Cheibriados
Dithmenos
Elyvilon
Fedhas
Gozag
Kikubaaqudgha
Makhleb
Nemelex Xobeh
Okawaru
Qazlal
Ru
Trog
Uskayaw
Vehumet
Wu Jian
Xom
Yredelemnul
Zin

Shops:
D:5 [   D:7 *

Annotations:
D:6 1 runed translucent door, Crazy Yiuf
Temple 4 transporters


Innate Abilities, Weirdness & Mutations

You cannot be hasted, slowed, berserked, paralysed or teleported.
You can dig through walls and to a lower floor.
You have a pair of large antennae on your head. (SInv)
Your four strong arms can wield two-handed weapons with a shield.


Message History

Casting: Passwall (safe; 1% risk of failure)
Confirm with . or Enter, or press ? or * to list all spells.
Aiming: Stone Arrow (safe; 1% risk of failure)
Press: ? - help, Shift-Dir - straight line, f - centaur warrior
Aim: a centaur warrior (81% to hit)
The stone arrow misses the centaur warrior.
The centaur warrior barely misses you. x2
A cyclops comes into view.
Unknown command.
It was a potion of enlightenment.
You feel very buoyant.
You fly up into the air.
The centaur warrior hits you but does no damage.
The centaur warrior kicks you. The acid dragon bites you.
The acid dragon claws you. The centaur warrior hits you!
The centaur warrior kicks you but does no damage.
It was a potion of curing.
You feel better. The centaur warrior closely misses you.
The centaur warrior kicks you but does no damage.
The acid dragon spits acid at you. The splash of acid hits you!!
* * * LOW HITPOINT WARNING * * *
You feel better.
The centaur warrior hits you but does no damage.
The centaur warrior kicks you.
* * * LOW HITPOINT WARNING * * *
You block the acid dragon's attack. The acid dragon barely misses you.
The centaur warrior hits you!
* * * LOW HITPOINT WARNING * * *
The centaur warrior kicks you but does no damage.
It was a potion of degeneration.
There was something very wrong with that liquid.
You feel weakened.
You feel dopey.
You feel clumsy.
You block the centaur warrior's attack. x2; The acid dragon bites you!
* * * LOW HITPOINT WARNING * * *
The acid dragon closely misses you.
It was a potion of attraction.
You feel attractive to monsters. The centaur warrior hits you.
You die...

##. ##... ##.)...
###.C...# ..C..#
###F.## ###cDC..# {{
###..@##{.# {
###......#...# {
#.....#..##..# ####
##..###..)#.... ###..#
#...###..##...###....##
##..#.....#.###)......#
#......#####[')).....#
##...###.#...##......#
#.#'#...##...#.......


You could see a centaur warrior, 3 cyclopes, an acid dragon (catching breath)
and a bullfrog.

Vanquished Creatures
  A two-headed ogre (D:9)
  A troll (D:7)
  Grinder (D:5)
  A hornet (D:7)
  6 yaks (D:9)
  Sigmund (D:5)
  2 wyverns (D:9)
  A vampire mosquito (D:9)
  2 steam dragons
  A water moccasin (D:9)
  3 orc warriors
  2 sky beasts
  An ice beast (D:5)
  A black bear (D:6)
  A centaur (D:9)
  4 kobold brigands
  Blork the orc (D:5)
  A scorpion (D:6)
  2 gnoll sergeants
  4 bullfrogs
  15 wights
  4 killer bees (D:9)
  A howler monkey (D:9)
  4 jellies
  2 bombardier beetles (D:5)
  4 hounds
  2 orc priests (D:9)
  3 sleepcaps
  Jessica (D:2)
  Ijyb (D:3)
  Natasha (thrice) (D:2)
  3 iguanas
  4 orc wizards
  14 gnolls
  6 adders
  2 white imps (D:7)
  2 ufetubi (D:6)
  A ribbon worm (D:2)
  17 orcs
  4 bats
  6 endoplasms
  3 giant cockroaches
  4 goblins
  3 hobgoblins
  22 kobolds
  6 quokkas
  2 ball pythons (D:2)
  4 frilled lizards
  4 rats
184 creatures vanquished.

Notes
Turn   | Place    | Note
-------+----------+-------------------------------------------
     0 | D:1      | firemarshallily the Formicid Earth Elementalist began the
                  | quest for the Orb.
     0 | D:1      | Reached XP level 1. HP: 13/13 MP: 3/3
    39 | D:1      | Reached skill level 1 in Conjurations
   179 | D:1      | Reached XP level 2. HP: 20/20 MP: 3/5
   836 | D:2      | Reached skill level 4 in Earth Magic
   951 | D:2      | Reached XP level 3. HP: 25/25 MP: 4/7
  1055 | D:2      | Reached skill level 1 in Shields
  1172 | D:2      | Noticed Jessica
  1174 | D:2      | Killed Jessica
  1175 | D:2      | Reached skill level 1 in Fighting
  1175 | D:2      | Reached XP level 4. HP: 27/32 MP: 5/8
  1480 | D:2      | Noticed Natasha
  1486 | D:2      | Killed Natasha
  1779 | D:2      | Noticed Natasha
  1783 | D:2      | Killed Natasha
  1784 | D:2      | Reached XP level 5. HP: 27/37 MP: 4/9
  1959 | D:2      | Noticed Natasha
  1963 | D:2      | Killed Natasha
  2036 | D:3      | Learned a level 3 spell: Stone Arrow
  2040 | D:3      | Learned a level 3 spell: Passwall
  2288 | D:3      | Reached XP level 6. HP: 44/44 MP: 7/11
  2349 | D:3      | Learned a level 4 spell: Brom's Barrelling Boulder
  2379 | D:3      | Noticed Ijyb
  2383 | D:3      | Learned a level 1 spell: Magic Dart
  2389 | D:3      | Killed Ijyb
  2540 | D:3      | Found a bloodstained altar of Trog.
  2627 | D:3      | Found a shimmering altar of Xom.
  2627 | D:3      | Found an ancient bone altar of Kikubaaqudgha.
  2788 | D:3      | Found an opulent altar of Gozag.
  2817 | D:3      | Reached skill level 5 in Earth Magic
  3478 | D:4      | Found a staircase to the Ecumenical Temple.
  3621 | D:4      | Found a sacrificial altar of Ru.
  3690 | Temple   | Found a transporter.
  3690 | Temple   | Found a transporter.
  3690 | Temple   | Found a transporter.
  3690 | Temple   | Found a transporter.
  3690 | Temple   | Entered the Ecumenical Temple
  3761 | D:4      | Found a shadowy altar of Dithmenos.
  3952 | D:5      | Entered Level 5 of the Dungeon
  4311 | D:5      | Reached XP level 7. HP: 51/51 MP: 6/13
  4434 | D:5      | Noticed Blork the orc
  4438 | D:5      | Killed Blork the orc
  4836 | D:5      | Found Vematuq's Armour Emporium.
  4837 | D:5      | Noticed Grinder
  4867 | D:5      | Killed Grinder
  4868 | D:5      | Reached skill level 5 in Shields
  4868 | D:5      | Reached skill level 6 in Earth Magic
  4868 | D:5      | Reached XP level 8. HP: 6/58 MP: 0/15
  4995 | D:5      | Reached skill level 5 in Spellcasting
  5113 | D:5      | Noticed Sigmund
  5117 | D:5      | Killed Sigmund
  5691 | D:6      | Reached skill level 7 in Earth Magic
  6054 | D:6      | Reached XP level 9. HP: 65/65 MP: 13/17
  6797 | D:6      | Found a basalt altar of Yredelemnul.
  6798 | D:6      | Found a glowing silver altar of Zin.
  6890 | D:6      | Found a runed translucent door.
  6891 | D:6      | Noticed Crazy Yiuf
  7136 | D:7      | Noticed a troll
  7139 | D:7      | Killed a troll
  7140 | D:7      | Reached skill level 8 in Earth Magic
  7261 | D:7      | Identified the +4 sling of Gozag's Respect {elec, Dex+3}
  7349 | D:7      | Found Cehaciz's Gadget Gallery.
  7557 | D:7      | Reached skill level 1 in Armour
  7805 | D:7      | Noticed a hornet
  7812 | D:7      | Killed a hornet
  7813 | D:7      | Reached skill level 5 in Fighting
  8155 | D:7      | Reached skill level 9 in Earth Magic
  8155 | D:7      | Reached XP level 10. HP: 74/74 MP: 11/20
  9569 | D:8      | Found a snail-covered altar of Cheibriados.
 10456 | D:9      | Reached skill level 10 in Earth Magic
 10460 | D:9      | Reached skill level 5 in Conjurations
 10625 | D:9      | Found a staircase to the Orcish Mines.
 11041 | D:9      | Noticed a two-headed ogre
 11048 | D:9      | Killed a two-headed ogre
 11049 | D:9      | Reached XP level 11. HP: 83/83 MP: 8/23
 11238 | D:9      | Noticed a cyclops
 11239 | D:9      | Noticed a centaur warrior
 11248 | D:9      | Noticed a cyclops
 11249 | D:9      | Noticed a cyclops
 11253 | D:9      | HP: 4/83 [acid dragon (7)]
 11254 | D:9      | Slain by a centaur warrior

Illustrated notes

Levels and vault maps discovered:
D:1:      reono_arrival_forest_river, layout_basic, minmay_misc_feat_diagonals
D:2:      layout_loops_ring, uniq_natasha, uniq_jessica
D:3:      layout_loops_ring, nicolae_gozag_cash_rules_everything_around_me,
          trog_butcher_becter, amethyst_overflow_temple_binary,
          grunt_ministairs_3, serial_bayou_lagoon_a, uniq_ijyb
D:4:      layout_basic, mainiacjoe_overflow_surrounded_room,
          mainiacjoe_overflow_alcove_4, minmay_temple_entry_wispy
D:5:      layout_loops_cross, serial_shops, shop, uniq_blork_the_orc,
          uniq_grinder, uniq_sigmund
D:6:      hellmonk_crumbling_castle, layout_loops_ring,
          mainiacjoe_overflow_divided_tiny, uniq_crazy_yiuf_cottage
D:7:      layout_cave_pods, nicolae_shop_gadgets
D:8:      layout_basic, lemuel_doored_altar
D:9:      minmay_slanted_spiral_squares, layout_long_grid,
          nicolae_sif_muna_condensation, old_standard_altar, david_orc_3,
          kennysheep_opposing_triangles, uniq_erolcha
Temple:   hellmonk_temple_divided_pantheon

Skill      XL: |  1  2  3  4  5  6  7  8  9 10 11 |
---------------+----------------------------------+-----
Conjurations   | 1 2 3 4 5 |  5.5
Earth Magic    | 4 5 6 7 9 10 | 10.9
Shields        | 1 2 4 5 6 |  6.0
Fighting       | 1 2 3 5 6 |  6.6
Spellcasting   | 3 4 5 7 8 9 |  9.0
Armour         | 2 4 |  4.6
Dodging        | |  1.7
Stealth        | |  2.4

Action                     |  1- 3 |  4- 6 |  7- 9 | 10-12 || total
---------------------------+-------+-------+-------+-------++-------
  Melee: Club              |     6 |       |       |       ||     6
         Short sword       |     3 |     4 |    60 |    90 ||   157
  Throw: Boomerang         |       |       |     1 |       ||     1
   Cast: Sandblast         |    34 |    53 |    14 |     6 ||   107
         Stone Arrow       |       |    14 |    79 |    89 ||   182
         Magic Dart        |       |     8 |    39 |    60 ||   107
    Use: Scroll            |       |       |     8 |     1 ||     9
         Potion            |       |       |       |     8 ||     8
 Armour: Robe              |    14 |    14 |    36 |    92 ||   156
  Dodge: Dodged            |    14 |    10 |    28 |    73 ||   125
  Block: Buckler           |       |       |     2 |    57 ||    59
